 Dungeon Crawl Stone Soup version 0.24-a0-181-gd121a6d (webtiles) character file.

Game seed: 8759625072511636367

29934 Ijustatesigmund the Holy Warrior (level 13, -7/89 HPs)
             Began as an Octopode Conjurer on Mar 13, 2019.
             Was a Priest of the Shining One.
             Mangled by a komodo dragon (11 damage)
             ... while petrified by you
             ... on level 3 of the Lair of Beasts on Mar 14, 2019.
             The game lasted 01:04:36 (22628 turns).

Ijustatesigmund the Holy Warrior (OpCj)            Turns: 22628, Time: 01:04:37

Health: -7/89      AC:  7    Str:  9    XL:     13   Next: 48%
Magic:  18/18      EV:  2    Int: 20    God:    the Shining One [***...]
Gold:   769        SH:  0    Dex: 16    Spells: 11/20 levels left

rFire    . . .     SeeInvis .   s - +5 morningstar
rCold    . . .     Gourm    .   k - +5 shield {AC+3}
rNeg     + + +     Faith    .   (helmet restricted)
rPois    ∞         Spirit   .   e - amulet of rage
rElec    .         Reflect  .   g - +3 ring of dexterity
rCorr    +         Harm     .   i - +1 ring of protection
MR       .....     Clarity  +   o - ring of resist corrosion
Stlth    ++........             (no ring)
HPRegen  0.24/turn              (no ring)
MPRegen  0.16/turn              (no ring)
                                (no ring)
                                (no ring)

@: petrified, glowing
A: almost no armour, stealthy swim, amphibious, 8 rings, constrict 8, fangs 1,
yellow scales 1, camouflage 1, clarity, low mp 1, gelatinous body 1
a: Divine Shield, Renounce Religion, Evoke Berserk Rage


You were on level 3 of the Lair of Beasts.
You worshipped the Shining One.
The Shining One was most pleased with you.
You were hungry.

You visited 3 branches of the dungeon, and saw 15 of its levels.
You also visited: Volcano.

You collected 944 gold pieces.
You spent 175 gold pieces at shops.

Inventory:

Hand Weapons
 c - a +4 whip of flaming
 r - a +2 hand axe of flaming
 s - a +5 morningstar (weapon)
Missiles
 q - 8 javelins (quivered)
Armour
 k - a +5 shield of protection (worn)
Jewellery
 e - an amulet of rage (around mantle)
 g - a +3 ring of dexterity (left tentacle)
 i - a +1 ring of protection (right tentacle)
 o - a ring of resist corrosion (on tentacle)
Wands
 f - a wand of flame (14)
 u - a wand of scattershot (8)
 x - a wand of disintegration (9)
 y - a wand of acid (11)
Scrolls
 a - 4 scrolls of identify
 d - 3 scrolls of immolation
 l - 9 scrolls of remove curse
 p - 2 scrolls of teleportation
 w - 3 scrolls of magic mapping
 B - a scroll of amnesia
 C - 2 scrolls of fear
 E - a scroll of enchant armour
 F - a scroll of vulnerability
 G - a scroll of blinking
Potions
 h - 4 potions of mutation
 j - a potion of cancellation
 m - 3 potions of berserk rage
 n - 2 potions of curing
 t - a potion of heal wounds
 v - 2 potions of flight
 z - 4 potions of magic
 A - a potion of ambrosia
 D - a potion of might
Comestibles
 b - 25 rations


   Skills:
 - Level 8.5 Fighting
 - Level 8.9 Maces & Flails
 + Level 7.2 Dodging
 + Level 6.6 Stealth
 - Level 8.3 Shields
 - Level 4.0 Spellcasting
 - Level 7.8 Conjurations
 - Level 6.0 Hexes
 - Level 10.6 Invocations
 - Level 6.9 Evocations


You had 11 spell levels left.
You knew the following spells:

 Your Spells              Type           Power        Failure   Level  Hunger
a - Magic Dart            Conj           ####         1%          1    None
b - Searing Ray           Conj           #####.       1%          2    #......
c - Dazzling Spray        Conj/Hex       ####..       5%          3    ###....
d - Confuse               Hex            ####....     8%          3    ###....

Your spell library contained the following spells:

 Spells                   Type           Power        Failure   Level  Hunger
 Corona                   Hex            ####...      2%          1    None
 Tukima's Dance           Hex            ####....     8%          3    ###....
 Iskenderun's Mystic Bla  Conj           #####...     12%         4    ####...
 Ensorcelled Hibernation  Hex/Ice        ###...       13%         2    #......
 Fulminant Prism          Conj/Hex       ####......   17%         4    ####...
 Force Lance              Conj/Tloc      ###.....     52%         4    ####...


Dungeon Overview and Level Annotations

Branches:
Dungeon (11/15)            Temple (1/1) D:4            Lair (3/6) D:11
  Snake (0/4) Lair:2          Orc (0/2) D:11
  Swamp: Lair:2-4    Shoals: Lair:2-4

Altars:
Ashenzari
Cheibriados
Dithmenos
Elyvilon
Fedhas
Gozag
Hepliaklqana
Kikubaaqudgha
Makhleb
Nemelex Xobeh
Okawaru
Qazlal
Ru
Sif Muna
Trog
Uskayaw
Vehumet
Wu Jian
Xom
Yredelemnul
Zin
The Shining One

Shops:
D:10 (

Annotations:
Lair:2 exclusion: 2 oklob plants


Innate Abilities, Weirdness & Mutations

You cannot wear most types of armour.
You are very stealthy in the water. (Stealth+)
You are amphibious.
You can wear up to eight rings at the same time.
You can use your tentacles to constrict eight enemies at once.
Your skin changes colour to match your surroundings (Stealth+).
Your rubbery body absorbs attacks. (AC +1, EV +1)
You have very sharp teeth.
You are partially covered in yellow scales. (AC +2)
You possess an exceptional clarity of mind.
Your magical capacity is low. (-10% MP)


Message History

* * * LOW HITPOINT WARNING * * *
The komodo dragon is no longer petrified.
The catoblepas gores you.
* * * LOW HITPOINT WARNING * * *
The catoblepas breathes a plume of calcifying dust at you.
The blast of calcifying dust hits you.
* * * LOW HITPOINT WARNING * * *
You are engulfed in calcifying dust.
The catoblepas gores you!
* * * LOW HITPOINT WARNING * * *
The komodo dragon bites you.
* * * LOW HITPOINT WARNING * * *
You are engulfed in calcifying dust.
The catoblepas breathes a plume of calcifying dust at you.
The blast of calcifying dust hits you but does no damage.
The komodo dragon bites you!
* * * LOW HITPOINT WARNING * * *
You are engulfed in calcifying dust.
The catoblepas gores you.
* * * LOW HITPOINT WARNING * * *
The komodo dragon bites you!!
You die...

### #######
.###..###§##..#
..<.....§.....#
.......@[.....###
......Yl......#.#
...............##
................#
......P..##.P.###
##..P..P.####.#
....PPP.## ##.#
.. ....P....
#..## .#
.....#..# #...##


You could see a catoblepas and a komodo dragon.

Vanquished Creatures
  Snorg (D:9)
  4 hydras
  A catoblepas (Lair:3)
  8 two-headed ogres
  A death knight (D:11)
  A hell knight (Volcano)
  Pikel (D:6)
  An ugly thing (D:10)
  Maurice (D:10)
  3 spiny frogs (Lair:1)
  3 komodo dragons
  A troll (D:11)
  Grinder (D:3)
  2 dream sheep (D:8)
  14 blink frogs
  3 hippogriffs
  A shadow (D:11)
  Sigmund (D:3)
  A wraith (D:10)
  A fire elemental (Lair:1)
  Eustachio (D:7)
  21 yaks
  Menkaure (D:4)
  4 hungry ghosts
  A warg (D:11)
  Duvessa (D:4)
  5 water moccasins
  7 porcupines
  9 orc warriors
  3 ice beasts
  2 phantoms
  4 sky beasts
  An eye of draining (D:11)
  6 ogres
  11 wolves
  A crocodile (Lair:1)
  5 big kobolds
  Blork the orc (D:6)
  15 bullfrogs
  A wyvern zombie (D:9)
  Dowan (D:4)
  3 scorpions
  7 wights
  3 howler monkeys
  2 electric eels
  6 crimson imps
  A centaur zombie (D:5)
  A quasit (D:5)
  6 orc priests
  3 bullfrog skeletons
  5 hounds
  3 jellies (D:5)
  7 orc wizards
  Crazy Yiuf (D:2)
  4 iguanas
  Natasha (thrice) (D:2)
  10 worker ants
  2 hound zombies
  2 hound skeletons
  15 adders
  A shadow imp (D:7)
  An ooze (D:2)
  An adder skeleton (D:8)
  2 worms (D:2)
  A dart slug (D:5)
  4 leopard geckos
  58 orcs
  5 giant cockroaches
  6 goblins
  5 hobgoblins
  15 jackals
  8 quokkas
  A ball python (D:1)
  5 bats
  7 frilled lizards
  20 kobolds
  7 rats
  A butterfly (D:3)
  A fungus (D:2)
384 creatures vanquished.

Vanquished Creatures (others)
  A blink frog (Lair:1)
  2 slaves (D:6)
  A phantom (D:6)
  A howler monkey (D:6)
  A hound (D:6)
  2 orc wizards (D:6)
  A bullfrog skeleton (D:6)
  An iguana (D:6)
  An orc (D:6)
  4 fungi (Lair:2)
  3 plants (Lair:2)
18 creatures vanquished.

Grand Total: 402 creatures vanquished

Notes
Turn   | Place    | Note
-------+----------+-------------------------------------------
     0 | D:1      | Ijustatesigmund the Octopode Conjurer began the quest for
                  | the Orb.
     0 | D:1      | Reached XP level 1. HP: 11/11 MP: 3/3
    58 | D:1      | Gained mutation: Your magical capacity is low. (-10% MP)
                  | [potion of mutation]
    58 | D:1      | Gained mutation: You are partially covered in yellow
                  | scales. (AC +2) [potion of mutation]
    58 | D:1      | Gained mutation: You possess an exceptional clarity of
                  | mind. [potion of mutation]
    58 | D:1      | Gained mutation: You have very sharp teeth. [potion of
                  | mutation]
   202 | D:1      | Reached skill level 1 in Fighting
   202 | D:1      | Reached XP level 2. HP: 18/18 MP: 1/4
   208 | D:1      | Learned a level 2 spell: Searing Ray
   684 | D:1      | Reached XP level 3. HP: 23/23 MP: 2/5
   692 | D:1      | Learned a level 3 spell: Dazzling Spray
  1162 | D:2      | Reached skill level 1 in Hexes
  1162 | D:2      | Reached XP level 4. HP: 28/29 MP: 4/6
  1241 | D:2      | Noticed Natasha
  1529 | D:2      | Killed Natasha
  1632 | D:2      | Reached XP level 5. HP: 32/35 MP: 7/7
  1634 | D:2      | Noticed a +0 dagger
  1634 | D:2      | Noticed a +0 hand axe
  1642 | D:2      | Found a hide-covered altar of Uskayaw.
  1648 | D:2      | Noticed Natasha
  1658 | D:2      | Killed Natasha
  1681 | D:2      | Noticed Natasha
  1682 | D:2      | Found a glowing golden altar of the Shining One.
  1703 | D:2      | Killed Natasha
  2288 | D:2      | Found a transporter.
  2288 | D:2      | Found a transporter.
  2313 | D:2      | Noticed an ice beast
  2542 | D:2      | Found a runed translucent door.
  2543 | D:2      | Noticed Crazy Yiuf
  2557 | D:2      | Killed Crazy Yiuf
  2796 | D:3      | Noticed Grinder
  2867 | D:3      | Noticed Sigmund
  2879 | D:3      | Killed Sigmund
  2879 | D:3      | Reached XP level 6. HP: 7/42 MP: 0/8
  3280 | D:3      | Found a hazy altar of Hepliaklqana.
  3507 | D:3      | Found an ancient bone altar of Kikubaaqudgha.
  3689 | D:3      | Found a shimmering altar of Xom.
  3820 | D:3      | Reached XP level 7. HP: 23/46 MP: 3/9
  4063 | D:3      | Paralysed by Grinder for 3 turns
  4086 | D:3      | Killed Grinder
  4648 | D:4      | Noticed Duvessa
  4648 | D:4      | Noticed Dowan
  4783 | D:4      | Reached skill level 5 in Hexes
  4911 | D:4      | Reached XP level 8. HP: 39/52 MP: 9/9
  5250 | D:4      | Found a burning altar of Makhleb.
  5293 | D:4      | Found a staircase to the Ecumenical Temple.
  5315 | D:4      | Noticed Menkaure
  5320 | Temple   | Entered the Ecumenical Temple
  5411 | D:4      | Killed Menkaure
  5411 | D:4      | Reached skill level 5 in Maces & Flails
  5632 | D:4      | HP: 1/52 [Duvessa/+0 short sword (7)]
  5971 | D:5      | Entered Level 5 of the Dungeon
  6030 | D:5      | Identified a scroll of acquirement
  6167 | D:5      | Reached skill level 1 in Shields
  6557 | D:5      | Found a stormy altar of Qazlal.
  6847 | D:5      | Reached skill level 5 in Shields
  6935 | D:5      | Reached XP level 9. HP: 41/56 MP: 10/10
  7157 | D:4      | Noticed a cacodemon
  7160 | D:4      | Noticed a hellwing
  7270 | D:4      | Found a bloodstained altar of Trog.
  7297 | D:4      | Killed Dowan
  7325 | D:4      | Killed Duvessa
  7656 | D:6      | Found an opulent altar of Gozag.
  7656 | D:6      | Noticed Pikel
  7680 | D:6      | Killed Pikel
  7893 | D:6      | Noticed Eustachio
  8252 | D:6      | Found a white marble altar of Elyvilon.
  8418 | D:6      | Noticed Blork the orc
  8435 | D:6      | Killed Blork the orc
  8524 | D:6      | Found a glowing silver altar of Zin.
  8572 | D:6      | Found a snail-covered altar of Cheibriados.
  8963 | D:2      | Became a worshipper of the Shining One
  9070 | D:7      | Killed Eustachio
  9420 | D:7      | Reached XP level 10. HP: 56/63 MP: 13/13
  9511 | D:7      | Reached skill level 5 in Conjurations
  9977 | D:7      | Reached * piety under the Shining One
 10003 | D:7      | Found an ornate altar of the Wu Jian Council.
 10304 | D:8      | Reached skill level 1 in Invocations
 10470 | D:8      | Reached skill level 2 in Invocations
 10695 | D:8      | Reached skill level 3 in Invocations
 10865 | D:8      | Reached skill level 4 in Invocations
 11282 | D:8      | Reached skill level 5 in Invocations
 11326 | D:8      | Reached skill level 6 in Invocations
 11349 | D:8      | Noticed a three-headed hydra
 11355 | D:8      | Killed a three-headed hydra
 11355 | D:8      | Reached skill level 7 in Invocations
 11593 | D:9      | Found a shattered altar of Ashenzari.
 11598 | D:9      | Noticed a two-headed ogre
 11617 | D:9      | Killed a two-headed ogre
 11617 | D:9      | Reached skill level 8 in Invocations
 11617 | D:9      | Reached XP level 11. HP: 20/70 MP: 11/15
 11881 | D:9      | Reached skill level 9 in Invocations
 12579 | D:10     | Entered Level 10 of the Dungeon
 12580 | D:10     | Upgraded the game from 0.24-a0-179-g7a2c91a to
                  | 0.24-a0-181-gd121a6d
 12694 | D:10     | Noticed a two-headed ogre
 12701 | D:10     | Noticed a two-headed ogre
 12706 | D:10     | Killed a two-headed ogre
 12717 | D:10     | Killed a two-headed ogre
 12718 | D:10     | Reached ** piety under the Shining One
 12737 | D:10     | Noticed a two-headed ogre
 12747 | D:10     | Reached skill level 10 in Invocations
 12898 | D:10     | Found Doxzom's Antique Weapon Emporium.
 12911 | D:10     | Bought a runed morningstar for 175 gold pieces
 12925 | D:10     | Noticed Snorg
 13457 | D:9      | Killed Snorg
 14067 | D:10     | Noticed Maurice
 14078 | D:10     | Killed Maurice
 14094 | D:10     | Killed a two-headed ogre
 14405 | D:10     | Noticed a white ugly thing
 14421 | D:10     | Killed a white ugly thing
 14421 | D:10     | Reached skill level 5 in Evocations
 14778 | D:10     | Reached XP level 12. HP: 37/76 MP: 14/17
 15708 | D:11     | Reached skill level 5 in Fighting
 16405 | D:11     | Noticed a death knight
 16423 | D:11     | Killed a death knight
 16801 | D:11     | Found a staircase to the Orcish Mines.
 16956 | D:11     | Noticed a two-headed ogre
 16963 | D:11     | Killed a two-headed ogre
 17340 | D:11     | Noticed a five-headed hydra
 17350 | D:11     | Killed a five-headed hydra
 17480 | D:11     | Noticed a two-headed ogre
 17493 | D:11     | Killed a two-headed ogre
 18178 | D:11     | Found a staircase to the Lair.
 18353 | Lair:1   | Entered Level 1 of the Lair of Beasts
 18889 | Lair:1   | Found a dark tunnel.
 18898 | Volcano  | Entered a volcano
 18926 | Volcano  | Noticed a hell knight
 18926 | Volcano  | Noticed a two-headed ogre
 18926 | Volcano  | Noticed a two-headed ogre
 18935 | Volcano  | Killed a hell knight
 18938 | Volcano  | Killed a two-headed ogre
 18940 | Volcano  | Killed a two-headed ogre
 19066 | Lair:1   | Reached XP level 13. HP: 74/89 MP: 15/18
 19765 | Lair:2   | Found a staircase to the Snake Pit.
 19828 | Lair:2   | Reached skill level 5 in Dodging
 21490 | Lair:3   | Reached skill level 5 in Stealth
 21681 | Lair:3   | Learned a level 3 spell: Confuse
 22612 | Lair:3   | Reached *** piety under the Shining One
 22628 | Lair:3   | HP: 4/89 [catoblepas (1)]
 22628 | Lair:3   | Mangled by a komodo dragon

Levels and vault maps discovered:
D:1:      evilmike_arrival_fibonacci_small, layout_loops_ring,
          minmay_three_crescents
D:2:      layout_basic, gammafunk_temple_overflow_arena,
          dancing_weapons_uskayaw, uniq_crazy_yiuf_cottage, uniq_natasha
D:3:      layout_loops_corners, marbit_many_paths, overflow_temple_1_default,
          xom_butterflies, uniq_sigmund, uniq_grinder
D:4:      layout_loops_ring, makhleb_altar_promises_db,
          minmay_temple_entry_water_ring, bloody_trog, uniq_duvessa,
          uniq_menkaure
D:5:      layout_cave_pools, nicolae_qazlal_eye_of_the_storm, first_ration,
          minmay_quadrilaterals
D:6:      layout_basic, nicolae_gozag_seed_capital, kennysheep_little_box,
          lemuel_coloured_pillars_altar, old_standard_altar, uniq_pikel,
          uniq_blork_the_orc, uniq_eustachio
D:7:      layout_basic, old_standard_altar
D:8:      layout_gridville, hangedman_ranch [blue_anna_fruit_fields],
          serial_bayou_ford_a
D:9:      layout_loops_cross, evilmike_ruin_ashenzari
D:10:     layout_basic, serial_shops, nicolae_shop_trees,
          kennysheep_small_circle, uniq_snorg, uniq_maurice
D:11:     layout_loops_ring, lair_entry_dummy, david_orc_1_choice, minivault_4,
          dk_noncrumbling_4
Temple:   dpeg_three_leaves_temple
Lair:1:   layout_gridlike, nicolae_volcano_entry_lava_flow,
          chequers_serial_rivers_room_a, beast_lair_carwin_10
Lair:2:   layout_regular_city, dummy_snake_entry, minmay_lair_oklob_chamber,
          infiniplex_staircase_pool_2
Lair:3:   gammafunk_mikee_crab_dinner, layout_chaotic_city,
          eino_house_with_fridge
Volcano:  volcano_pools

Skill      XL: |  1  2  3  4  5  6  7  8  9 10 11 12 13 |
---------------+----------------------------------------+-----
Fighting       | 1 2 3 4 8 |  8.5
Dodging        | 3 7 |  7.2
Hexes          | 1 3 5 6 |  6.0
Maces & Flails | 2 4 5 8 |  8.9
Shields        | 5 8 |  8.3
Spellcasting   | 3 4 |  4.0
Conjurations   | 5 7 |  7.8
Invocations    | 8 10 | 10.6
Evocations     | 5 6 |  6.9
Stealth        | 6 |  6.6

Action                   |  1- 3 |  4- 6 |  7- 9 | 10-12 | 13-15 || total
-------------------------+-------+-------+-------+-------+-------++-------
Melee: Unarmed           |     6 |       |       |       |       ||     6
       Dagger            |    32 |    38 |       |       |       ||    70
       Constrict         |    11 |    16 |    59 |    75 |    32 ||   193
       Tentacles         |     8 |    10 |    60 |   115 |    26 ||   219
       Bite              |     4 |     4 |    38 |    61 |    24 ||   131
       Mace              |       |    16 |       |       |       ||    16
       Whip              |       |     8 |   341 |   252 |       ||   601
       Morningstar       |       |       |       |   348 |   167 ||   515
Throw: Javelin           |       |       |     3 |       |     5 ||     8
 Cast: Magic Dart        |    37 |    30 |    53 |    36 |       ||   156
       Searing Ray       |     1 |    10 |    16 |     9 |       ||    36
       Dazzling Spray    |       |       |     4 |    18 |     1 ||    23
Invok: Divine Shield     |       |       |       |     9 |     3 ||    12
 Abil: Evoke Berserk Rag |       |       |       |    10 |     2 ||    12
Evoke: Wand              |       |       |       |     5 |    13 ||    18
  Use: Scroll            |     4 |     2 |    12 |    13 |       ||    31
       Potion            |     1 |     3 |     6 |     2 |     1 ||    13
 Stab: Sleeping          |     2 |     3 |     7 |       |       ||    12
       Invisible         |       |       |     1 |       |       ||     1
  Eat: Chunk             |     1 |     3 |     6 |    13 |     5 ||    28
       Ration            |       |     2 |     4 |    12 |     2 ||    20
Armor: Skin              |    10 |    15 |    52 |    59 |    18 ||   154
Dodge: Dodged            |    28 |    46 |   147 |   177 |    72 ||   470
Block: Shield            |       |       |   146 |   434 |   159 ||   739

Table legend:
 A = Non-vault XP
 B = Vault XP
 C = Vault XP percentage of total XP
 D = Non-vault monster count
 E = Vault monster count
 F = Vault count percentage of total count
                 A         B        C        D         E       F
            +---------+---------+-------+---------+---------+-------
      Total |   30645 |   12118 |  28.3 |     320 |      62 |  16.2
            +---------+---------+-------+---------+---------+-------
        D:1 |      25 |      10 |  28.6 |      16 |       7 |  30.4
        D:2 |     186 |     281 |  60.2 |      28 |       7 |  20.0
        D:3 |     141 |     493 |  77.8 |      16 |       3 |  15.8
        D:4 |     341 |     391 |  53.4 |      17 |       3 |  15.0
        D:5 |     779 |     256 |  24.7 |      19 |       6 |  24.0
        D:6 |     326 |     703 |  68.3 |      11 |       2 |  15.4
        D:7 |    1293 |     196 |  13.2 |      28 |       1 |   3.4
        D:8 |    1190 |    2163 |  64.5 |      32 |       8 |  20.0
        D:9 |    2608 |    1168 |  30.9 |      23 |       1 |   4.2
       D:10 |    4568 |    1393 |  23.4 |      17 |       3 |  15.0
       D:11 |    6988 |     613 |   8.1 |      59 |       9 |  13.2
     Lair:1 |    3976 |     880 |  18.1 |      17 |       8 |  32.0
     Lair:2 |    4254 |    1015 |  19.3 |      18 |       1 |   5.3
     Lair:3 |    3970 |       0 |   0.0 |      19 |       0 |   0.0
    Volcano |       0 |    2556 | 100.0 |       0 |       3 | 100.0
            +---------+---------+-------+---------+---------+-------
